 Dungeon Crawl Stone Soup version 0.28.0 (webtiles) character file.

Game seed: 6720292804605242152

44 lastplaneout the Shield-Bearer (level 3, 0/35 HPs)
             Began as a Gnoll Fighter on Feb 14, 2022.
             Slain by a goblin (1 damage)
             ... led by Robin
             ... on level 2 of the Dungeon.
             The game lasted 00:01:58 (1088 turns).

lastplaneout the Shield-Bearer (Gnoll Fighter)      Turns: 1088, Time: 00:01:59

Health: 0/35       AC:  7    Str: 17    XL:     3   Next: 62%
Magic:  4/4        EV:  9    Int:  7    God:
Gold:   23         SH:  5    Dex: 11    Spells: 3/3 levels left

rFire   . . .      SeeInvis .   a - +0 war axe
rCold   . . .      Faith    .   c - +0 buckler
rNeg    . . .      Spirit   .   b - +0 scale mail
rPois   .          Reflect  .   (no helmet)
rElec   .          Harm     .   (no cloak)
rCorr   .          Rampage  .   (no gloves)
Will    .....                   (no boots)
Stlth   ..........              (no amulet)
HPRegen 0.11/turn               (no ring)
MPRegen 0.09/turn               (no ring)

@: no status effects
A: fangs 1, strong nose, distributed training
a: no special abilities


You were on level 2 of the Dungeon.
You visited 1 branch of the dungeon, and saw 2 of its levels.

You collected 71 gold pieces.
You spent 48 gold pieces at shops.

Inventory:

Hand Weapons
 a - a +0 war axe (weapon)
Armour
 b - a +0 scale mail (worn)
 c - a +0 buckler (worn)
Scrolls
 e - a scroll of blinking {unknown}
 g - 2 scrolls of identify
Potions
 d - a potion of might
 f - a potion of curing {unknown}


   Skills:
 + Level 6.5 Fighting
 + Level 0.9 Short Blades
 + Level 0.9 Long Blades
 + Level 4.5 Axes
 + Level 0.9 Maces & Flails
 + Level 0.9 Polearms
 + Level 0.9 Staves
 + Level 0.9 Slings
 + Level 0.9 Bows
 + Level 0.9 Crossbows
 + Level 0.9 Throwing
 + Level 6.5 Armour
 + Level 0.9 Dodging
 + Level 0.9 Stealth
 + Level 6.5 Shields
 + Level 0.9 Unarmed Combat
 + Level 0.9 Spellcasting
 + Level 0.6 Conjurations
 + Level 0.6 Hexes
 + Level 0.6 Summonings
 + Level 0.6 Necromancy
 + Level 0.6 Translocations
 + Level 0.6 Transmutations
 + Level 0.6 Fire Magic
 + Level 0.6 Ice Magic
 + Level 0.6 Air Magic
 + Level 0.6 Earth Magic
 + Level 0.6 Poison Magic
 + Level 1.0 Invocations
 + Level 0.9 Evocations


You had 3 spell levels left.
You didn't know any spells.
Your spell library contained the following spells:

 Spells                   Type           Power      Damage    Failure   Level
 Sandblast                Erth           2%         2d4       77%         1
 Sting                    Tmut/Pois      4%         1d3       77%         1
 Blink                    Tloc           2%         N/A       88%         2
 Passwall                 Tmut/Erth      0%         N/A       88%         2
 Poisonous Vapours        Pois/Air       2%         N/A       88%         2
 Stone Arrow              Conj/Erth      2%         3d7       98%         3
 Olgreb's Toxic Radiance  Pois           1%         N/A       100%        4
 Manifold Assault         Tloc           1%         N/A       100%        5
 Storm Form               Tmut/Air       0%         N/A       100%        7


Dungeon Overview and Level Annotations

Branches:
Dungeon (2/15)

Altars:

Shops:
D:1 ?

Annotations:
D:2 Robin


Innate Abilities, Weirdness & Mutations

You have very sharp teeth.
Your uncanny sense of smell can sniff out nearby items.
Your experience applies equally to all skills.


Message History

A goblin comes into view. It is wielding a +0 club.
You block the goblin's attack. The goblin hits you with a +0 dagger.
The goblin moves out of view.
You closely miss the goblin. You barely miss the goblin.
The goblin hits you but does no damage. The goblin hits you with a +0 dagger.
* * * LOW HITPOINT WARNING * * *
The goblin hits you with a +0 club.
* * * LOW HITPOINT WARNING * * *
You barely miss the goblin. You closely miss the hobgoblin. You hit the goblin.
The goblin no longer looks unusually strong. x2
The hobgoblin barely misses you. The goblin hits you but does no damage.
The goblin misses you. The hobgoblin barely misses you.
You hit the goblin.
The goblin is severely wounded.
You barely miss the goblin. You hit the hobgoblin.
The hobgoblin no longer looks unusually strong.
The goblin closely misses you. You block the goblin's attack.
The hobgoblin closely misses you.
You hit the goblin.
You kill the goblin!
You slash the goblin!
You kill the goblin!
You closely miss the hobgoblin. Robin throws the goblin at you!
The goblin barely misses you.
The hobgoblin hits you but does no damage.
Robin throws the goblin at you!
* * * LOW HITPOINT WARNING * * *
You slash the goblin!
You kill the goblin!
You slash the hobgoblin!
You kill the hobgoblin!
You barely miss the goblin. The goblin hits you with a +0 dagger.
* * * LOW HITPOINT WARNING * * *
The goblin hits you but does no damage. The goblin barely misses you.
Robin throws the goblin at you! The goblin barely misses you.
You block the goblin's attack.
Things that are here:
a +0 club; a +0 club The goblin hits you with a +0 dagger.
You die...

####.##.....# ..
#...........##.#
#.##.##.....##.#
#.##.##.....##.# ##
#.##.##.....##.## #
.###..###.##.##.##.##...###.##
.....!).).##gg................
####.###)g)K)@...........##.#
##.########.#..†.....# #.#
#.##...#.### #.# #.######.#
..# #.# #.# ### #.# #.# #.#
#.# #.######.# #.....#


You could see Robin, 2 goblins and a kobold.

Vanquished Creatures
  A worm (D:2)
  2 dart slugs
  An endoplasm (D:1)
  2 giant cockroaches (D:1)
  11 goblins
  2 hobgoblins
  2 jackals (D:1)
  3 ball pythons
  4 bats
  2 frilled lizards
  4 rats (D:1)
34 creatures vanquished.

Vanquished Creatures (others)
  A plant (D:1)
1 creature vanquished.

Grand Total: 35 creatures vanquished

Notes
Turn   | Place    | Note
-------+----------+-------------------------------------------
     0 | D:1      | lastplaneout the Gnoll Fighter began the quest for the Orb.
     0 | D:1      | Reached XP level 1. HP: 23/23 MP: 1/1
   166 | D:1      | Reached XP level 2. HP: 22/29 MP: 2/2
   667 | D:1      | Found Qoullisenwa's Magic Scroll Shoppe.
   683 | D:1      | Bought a scroll of identify for 24 gold pieces
   683 | D:1      | Bought a scroll of identify for 24 gold pieces
   702 | D:1      | Reached XP level 3. HP: 31/35 MP: 3/3
  1067 | D:2      | Noticed Robin
  1076 | D:2      | Reached skill level 1 in Invocations
  1086 | D:2      | HP: 1/35 [goblin[Robin] (2)]
  1088 | D:2      | Slain by a goblin

Illustrated notes

Levels and vault maps discovered:
D:1:      kennysheep_arrival_seaside, layout_basic, serial_shops, shop_statue,
          chequers_serial_rivers_micro_d
D:2:      layout_loops_ring, basic_ecumenical_altar, uniq_robin

Skill      XL: |  1  2  3 |
---------------+----------+-----
Invocations    | 1 |  1.0
Fighting       | |  6.5
Short Blades   | |  0.9
Long Blades    | |  0.9
Axes           | |  4.5
Maces & Flails | |  0.9
Polearms       | |  0.9
Staves         | |  0.9
Slings         | |  0.9
Bows           | |  0.9
Crossbows      | |  0.9
Throwing       | |  0.9
Armour         | |  6.5
Dodging        | |  0.9
Stealth        | |  0.9
Shields        | |  6.5
Unarmed Combat | |  0.9
Spellcasting   | |  0.9
Conjurations   | |  0.6
Hexes          | |  0.6
Summonings     | |  0.6
Necromancy     | |  0.6
Translocations | |  0.6
Transmutations | |  0.6
Fire Magic     | |  0.6
Ice Magic      | |  0.6
Air Magic      | |  0.6
Earth Magic    | |  0.6
Poison Magic   | |  0.6
Evocations     | |  0.9

Action                   || total
-------------------------++-------
Melee: War axe           ||    84
       Bite              ||     5
Armor: Scale mail        ||    46
Dodge: Dodged            ||    46
Block: Buckler           ||    28
